 Dungeon Crawl Stone Soup version 0.20.0-15-g7f486f2 (webtiles) character file.

13317 KleinerIrrer the Fencer (level 11, -13/94 HPs)
             Began as a Minotaur Fighter on June 28, 2017.
             Was a Believer of the Shining One.
             Mangled by Gastronok (25 damage)
             ... on level 11 of the Dungeon.
             The game lasted 00:24:04 (9968 turns).

KleinerIrrer the Fencer (Minotaur Fighter)          Turns: 9968, Time: 00:24:04

Health: -13/94     AC: 14    Str: 28    XL:     11   Next: 74%
Magic:  11/13      EV: 10    Int: 11    God:    the Shining One [**....]
Gold:   503        SH: 20    Dex: 11    Spells: 10/10 levels left

rFire    . . .     SeeInvis .   A - +3 long sword (holy)
rCold    . . .     Gourm    .   c - +0 shield
rNeg     + . .     Faith    .   l - +0 chain mail
rPois    .         Spirit   .   (helmet restricted)
rElec    .         Reflect  .   b - +0 cloak
rCorr    .         Harm     +   k - +0 pair of gloves
MR       .....                  (no boots)
Stlth    ..........             R - amulet of harm (curse)
Regen    0.3/turn               y - +1 ring of evasion
MPRegen  0.2/turn               e - +6 ring of intelligence

@: mighty, lethally poisoned (-13 -> -14), divine shield, glowing
A: retaliatory headbutt, horns 2
a: Divine Shield, Renounce Religion


You were on level 11 of the Dungeon.
You worshipped the Shining One.
The Shining One was pleased with you.
You were not hungry.

You visited 1 branch of the dungeon, and saw 11 of its levels.
You also visited: Ossuary.

You collected 503 gold pieces.

Inventory:

Hand Weapons
 i - a +2 antimagic short sword
 p - a +1 dagger of venom
 u - a +3 dagger of draining
 v - a +3 dagger of speed
 A - a +3 long sword of holy wrath (weapon)
Armour
 a - a +0 plate armour
 b - a +0 cloak (worn)
 c - a +0 shield (worn)
 k - a +0 pair of gloves (worn)
 l - a +0 chain mail (worn)
Jewellery
 e - a +6 ring of intelligence (right hand)
 w - an uncursed amulet of the gourmand
 y - a +1 ring of evasion (left hand)
 D - an uncursed ring of fire
 E - an uncursed ring of fire
 R - a cursed amulet of harm (around neck)
Wands
 o - a wand of acid (10/15)
 q - a wand of random effects (38/48)
 x - a wand of acid (10/15)
 O - a wand of acid (14/15)
 Q - a wand of iceblast (5/15)
Scrolls
 s - a scroll of blinking
 t - 8 scrolls of teleportation
 F - 2 scrolls of fear
 I - 2 scrolls of magic mapping
 J - a scroll of fog
 P - 3 scrolls of remove curse
 S - a scroll of identify
Potions
 d - 3 potions of might
 h - 4 potions of flight
 j - a potion of cancellation {unknown}
 m - 3 potions of mutation
 r - a potion of lignification {unknown}
 z - 3 potions of invisibility
 B - 2 potions of curing
 C - 2 potions of heal wounds
 L - 3 potions of agility
Books
 n - a book of Air

   Spells                             Type                      Level
   a - Shock                          Conjuration/Air              1
   b - Swiftness                      Charms/Air                   2
   c - Static Discharge               Conjuration/Air              3
   d - Airstrike                      Air                          4
   e - Lightning Bolt                 Conjuration/Air              5
 H - a book of Minor Magic

   Spells                             Type                      Level
   a - Magic Dart                     Conjuration                  1
   b - Blink                          Translocation                2
   c - Call Imp                       Summoning                    2
   d - Slow                           Hexes                        2
   e - Conjure Flame                  Conjuration/Fire             3
   f - Mephitic Cloud                 Conjuration/Poison/Air       3
 K - a book of Cantrips

   Spells                             Type                      Level
   a - Confusing Touch                Hexes                        1
   b - Animate Skeleton               Necromancy                   1
   c - Summon Small Mammal            Summoning                    1
   d - Apportation                    Translocation                1
 M - a book of Callings

   Spells                             Type                      Level
   a - Summon Small Mammal            Summoning                    1
   b - Call Imp                       Summoning                    2
   c - Call Canine Familiar           Summoning                    3
   d - Summon Guardian Golem          Hexes/Summoning              3
   e - Summon Lightning Spire         Summoning/Air                4
   f - Summon Ice Beast               Ice/Summoning                4
Comestibles
 f - 8 bread rations
 g - 8 meat rations
 G - 7 chunks of flesh
 N - 4 fruits


   Skills:
 + Level 7.9 Fighting
 + Level 15.9 Long Blades
   Level 4.9 Maces & Flails
 + Level 9.0 Armour
 + Level 2.6 Dodging
 + Level 9.1 Shields
 * Level 4.3 Invocations
 * Level 3.9 Evocations


You had 10 spell levels left.
You didn't know any spells.

Dungeon Overview and Level Annotations

Branches:
Dungeon (11/15)            Temple (0/1) D:6            Lair (0/6) D:8
    Orc: D:9-12

Altars:
Ashenzari
Gozag
Ru
Sif Muna
Trog
Xom
Zin
The Shining One

Shops:
D:10 *%

Annotations:
D:11 Gastronok


Innate Abilities, Weirdness & Mutations

You reflexively headbutt those who attack you in melee.
You have a pair of horns on your head.


Message History

You slash Gastronok! You headbutt Gastronok.
Gastronok is moderately wounded.
You feel sick.
You hit Gastronok.
Gastronok is moderately wounded.
Gastronok bites you!!
* * * LOW HITPOINT WARNING * * *
You feel very mighty all of a sudden.
You slice Gastronok!!
Gastronok is heavily wounded.
You block Gastronok's attack.
You slash Gastronok!
Gastronok is heavily wounded.
You feel sick.
You hit Gastronok.
Gastronok is severely wounded.
You slash Gastronok! You headbutt Gastronok!!
Gastronok is almost dead.
Gastronok bites you!!
You die...

########## ######
#........# #.....
#........# #.....
#.!......#### #.....
#........'..#####.....
#........##.....'.....
#.<....†.########.....
#....@...# #.....
#...w....# #.....
#........# ##+###
######+###


You could see Gastronok.

Vanquished Creatures
  4 two-headed ogres
  The ghost of Gargoyl the Chopper, a novice DrAK of Lugonu (D:7)
  A cyclops (D:11)
  Maurice (D:8)
  Psyche (D:9)
  The ghost of baghtru the Skirmisher, an amateur HOFi (D:4)
  A merfolk (D:10)
  A troll (D:8)
  A hippogriff (D:9)
  Grinder (D:4)
  A shadow (D:11)
  A wraith (D:9)
  6 yaks (D:10)
  Grum (D:11)
  4 ice beasts
  2 orc warriors
  2 sky beasts
  A necrophage (D:7)
  5 ogres
  3 wolves (D:11)
  6 centaurs
  2 elf zombies (Ossuary)
  5 bullfrogs
  A gnoll sergeant (D:8)
  A water moccasin zombie (D:7)
  A scorpion (D:7)
  11 killer bees (D:10)
  2 howler monkeys
  4 crimson imps
  A bullfrog zombie (D:9)
  5 orc priests
  9 hounds
  Crazy Yiuf (D:7)
  A centaur skeleton (D:9)
  3 jellies
  12 orc wizards
  A bullfrog skeleton (D:5)
  5 iguanas
  6 worker ants
  2 big kobold zombies (Ossuary)
  2 mummies (Ossuary)
  A worker ant zombie (D:9)
  11 adders
  5 gnolls (D:8)
  A howler monkey skeleton (D:4)
  2 shadow imps (D:5)
  An ooze (D:5)
  An adder skeleton (D:9)
  An adder zombie (Ossuary)
  2 worms
  5 dart slugs
  2 leopard geckos
  28 orcs
  A giant cockroach (D:7)
  7 goblins
  5 hobgoblins
  15 jackals
  5 quokkas
  2 ball pythons
  A ball python skeleton (D:4)
  2 bats (D:1)
  5 frilled lizards
  3 goblin zombies (Ossuary)
  16 hobgoblin zombies (Ossuary)
  3 jackal zombies
  9 kobolds
  6 kobold zombies (Ossuary)
  4 orc zombies (Ossuary)
  4 rats
268 creatures vanquished.

Notes
Turn   | Place    | Note
-------+----------+-------------------------------------------
     0 | D:1      | KleinerIrrer the Minotaur Fighter began the quest for the Orb.
     0 | D:1      | Reached XP level 1. HP: 19/19 MP: 0/0
   234 | D:1      | Reached XP level 2. HP: 26/27 MP: 0/1
   684 | D:2      | Reached XP level 3. HP: 24/33 MP: 0/2
   949 | D:2      | Reached XP level 4. HP: 28/40 MP: 1/3
  1782 | D:3      | Reached XP level 5. HP: 46/46 MP: 4/4
  2260 | D:4      | Found a shattered altar of Ashenzari.
  2264 | D:4      | Found a sand-covered staircase.
  2268 | D:4      | Noticed Grinder
  2286 | D:4      | Killed Grinder
  2286 | D:4      | Reached skill level 5 in Armour
  2286 | D:4      | Reached skill level 1 in Dodging
  2286 | D:4      | Reached skill level 5 in Shields
  2286 | D:4      | Reached XP level 6. HP: 29/53 MP: 5/5
  2305 | Ossuary  | Entered an ossuary
  2562 | Ossuary  | Reached skill level 1 in Long Blades
  2577 | Ossuary  | Reached skill level 2 in Long Blades
  2724 | Ossuary  | Reached XP level 7. HP: 58/60 MP: 6/6
  2810 | D:4      | Noticed baghtru's ghost (amateur HOFi)
  2818 | D:4      | Killed baghtru's ghost
  2818 | D:4      | Reached skill level 4 in Long Blades
  2832 | D:4      | Reached skill level 5 in Long Blades
  3464 | D:4      | Found a deep blue altar of Sif Muna.
  3786 | D:5      | Entered Level 5 of the Dungeon
  4021 | D:5      | Reached skill level 5 in Fighting
  4021 | D:5      | Reached XP level 8. HP: 62/68 MP: 7/7
  4023 | D:5      | Reached skill level 6 in Long Blades
  4471 | D:5      | Reached skill level 7 in Long Blades
  4957 | D:5      | Found a bloodstained altar of Trog.
  5038 | D:6      | Found an opulent altar of Gozag.
  5457 | D:6      | Reached skill level 8 in Long Blades
  5531 | D:6      | Found a glowing golden altar of the Shining One.
  5534 | D:6      | Became a worshipper of the Shining One
  5668 | D:6      | Found a staircase to the Ecumenical Temple.
  5756 | D:7      | Reached XP level 9. HP: 73/75 MP: 8/8
  5822 | D:7      | Reached skill level 15 in Long Blades
  5822 | D:7      | Reached XP level 10. HP: 83/83 MP: 9/9
  5845 | D:7      | Found a sacrificial altar of Ru.
  5867 | D:7      | Noticed Gargoyl's ghost (novice DrAK)
  5894 | D:7      | Killed Gargoyl's ghost
  5894 | D:7      | Reached skill level 1 in Invocations
  6481 | D:7      | Found a runed door.
  6485 | D:7      | Noticed Crazy Yiuf
  6488 | D:7      | Killed Crazy Yiuf
  6727 | D:8      | Noticed a two-headed ogre
  6738 | D:8      | Killed a two-headed ogre
  6738 | D:8      | Reached skill level 1 in Evocations
  7088 | D:8      | Reached * piety under the Shining One
  7202 | D:8      | Found a staircase to the Lair.
  7253 | D:8      | Noticed Maurice
  7271 | D:8      | Killed Maurice
  7462 | D:8      | Found a glowing silver altar of Zin.
  7501 | D:8      | Found a shimmering altar of Xom.
  7860 | D:9      | Noticed a two-headed ogre
  7867 | D:9      | Killed a two-headed ogre
  7867 | D:9      | Reached XP level 11. HP: 50/91 MP: 12/12
  8062 | D:9      | Noticed a two-headed ogre
  8068 | D:9      | Killed a two-headed ogre
  8113 | D:9      | Noticed Psyche
  8121 | D:9      | Killed Psyche
  8331 | D:9      | Reached ** piety under the Shining One
  8481 | D:10     | Entered Level 10 of the Dungeon
  8634 | D:10     | Found Zutz's Armour Shop.
  8688 | D:10     | Found Kikhluna's Food Emporium.
  8709 | D:10     | Noticed a two-headed ogre
  8820 | D:10     | Killed a two-headed ogre
  9121 | D:10     | Found Bumos's Assorted Antiques.
  9915 | D:11     | Noticed Grum
  9930 | D:11     | Killed Grum
  9947 | D:11     | Noticed Gastronok
  9968 | D:11     | Mangled by Gastronok

Skill      XL: |  1  2  3  4  5  6  7  8  9 10 11 |
---------------+----------------------------------+-----
Fighting       | 4 5 6 7 |  7.9
Armour         | 4 5 6 7 9 |  9.0
Shields        | 4 5 6 7 8 9 |  9.1
Maces & Flails | 3 4 |  4.9
Dodging        | 1 2 |  2.6
Long Blades    | 2 5 8 15 | 15.9
Invocations    | 3 4 |  4.3
Evocations     | 2 3 |  3.9

Action                   |  1- 3 |  4- 6 |  7- 9 | 10-12 || total
-------------------------+-------+-------+-------+-------++-------
Melee: Short sword       |    85 |    21 |       |       ||   106
       Headbutt          |    15 |    24 |    30 |    74 ||   143
       Flail             |     1 |       |       |       ||     1
       Dagger            |       |    39 |       |       ||    39
       Long sword        |       |    73 |   175 |   335 ||   583
Invok: Divine Shield     |       |       |       |     1 ||     1
  Use: Scroll            |     3 |     2 |    11 |     4 ||    20
       Potion            |       |       |     1 |     5 ||     6
  Eat: Chunk             |       |     4 |    16 |       ||    20
       Bread ration      |       |     1 |       |       ||     1
       Meat ration       |       |       |       |     1 ||     1
Armor: Scale mail        |    58 |    36 |       |       ||    94
       Chain mail        |       |     6 |    82 |    92 ||   180
Dodge: Dodged            |    28 |    38 |    49 |    57 ||   172
Block: Shield            |    53 |    63 |    94 |   156 ||   366
       Rpst.: Long sword |       |     7 |    12 |    15 ||    34
